[Event "Titled Tuesday Blitz November 08 Early 2022"]
[White "Rakhmanov, Aleksandr"]
[Black "Sarana, Alexey"]
[WhiteFideId "4173708"]
[BlackFideId "24133795"]
[WhiteElo "2530"]
[BlackElo "2708"]
[Result "1-0"]
[Round "07"]
[TimeControl "180+1"]
[Date "2022.11.08"]
[WhiteClock "0:00:03"]
[BlackClock "0:00:01"]

1. d4 Nf6 2. c4 e6 3. Nc3 d5 4. cxd5 exd5 5. Bg5 c6 6. e3 Bf5 7. Qf3 Bg6 8. Bxf6 Qxf6 9. Qxf6 gxf6 10. Nf3 Be7 11. Nh4 Nd7 12. Ne2 f5 13. Nf3 Bb4+ 14. Nd2 Nf6 15. a3 Bd6 16. f3 Kd7 17. Kf2 a5 18. g3 Rae8 19. Rc1 Re7 20. Rc3 Rhe8 21. Nf4 Bxf4 22. gxf4 a4 23. Be2 Kd6 24. Rhc1 Ra8 25. R3c2 Nd7 26. Nb1 Ra7 27. Nc3 Re8 28. Na2 f6 29. Nb4 Rc8 30. Bf1 Raa8 31. Bh3 Rc7 32. Nd3 Rcc8 33. Ne1 Nb6 34. Ng2 Nc4 35. Nh4 Re8 36. Re1 Ra5 37. Bxf5 Rb5 38. Ree2 Rb3 39. e4 Bxf5 40. Nxf5+ Kd7 41. Ne3 Nd6 42. exd5 Rd3 43. dxc6+ bxc6 44. Ng4 Rxe2+ 45. Rxe2 Rxd4 46. Nxf6+ Kd8 47. Kg3 c5 48. Nxh7 c4 49. Ng5 Kd7 50. h4 Nf5+ 51. Kg4 Nh6+ 52. Kh5 Nf5 53. Ne4 Ne7 54. Kg4 Ke8 55. h5 Kf7 56. Ng5+ Ke8 57. h6 Rd1 58. h7 Rh1 59. Nh3 Kf7 60. Rxe7+ 1-0


[Site "https://www.chess.com"]

[Event "Titled Tuesday Blitz November 08 Early 2022"]
[White "Remizov, Yaroslav"]
[Black "Belozerov, Andrei"]
[WhiteFideId "34134015"]
[BlackFideId "4120213"]
[WhiteElo "2414"]
[BlackElo "2360"]
[Result "1-0"]
[Round "07"]
[TimeControl "180+1"]
[Date "2022.11.09"]
[WhiteClock "0:00:06"]
[BlackClock "0:00:02"]

1. e3 d5 2. a3 e5 3. c4 d4 4. exd4 exd4 5. d3 a5 6. g3 Nf6 7. Bg2 Be7 8. Ne2 O-O 9. O-O Nc6 10. Nd2 Bf5 11. Nf3 Qd7 12. Re1 Rfe8 13. Nf4 Bd6 14. Nd5 Rxe1+ 15. Nxe1 Nxd5 16. cxd5 Ne5 17. Bf4 Re8 18. Rc1 h6 19. Qb3 b6 20. Bxe5 Rxe5 21. Nf3 Re8 22. Nxd4 Bh3 23. Bxh3 Qxh3 24. Nb5 Bf4 25. Rf1 Re5 26. Nd4 Rh5 27. Nf3 Bd6 28. Re1 Qf5 29. d4 Qxd5 30. Qxd5 Rxd5 31. Kg2 Rb5 32. Re2 Rb3 33. Rc2 f6 34. Nd2 Rb5 35. Ne4 Rd5 36. Nxd6 cxd6 37. Rc6 Rxd4 38. Rxb6 Rd2 39. b4 axb4 40. axb4 Kf7 41. Rb7+ Kg6 42. b5 Rb2 43. b6 d5 44. Kf3 d4 45. h4 h5 46. Ke4 Rxf2 47. Kxd4 Rb2 48. Kc5 Rc2+ 49. Kd6 Rd2+ 50. Kc7 Rd3 51. Ra7 Rxg3 52. b7 Rb3 53. b8=Q Rxb8 54. Kxb8 Kh6 55. Kc7 g5 56. Kd6 gxh4 57. Kd5 Kg5 58. Ke4 Kg4 59. Rg7+ Kh3 60. Kf3 f5 61. Kf2 Kh2 62. Rg5 f4 63. Rxh5 h3 64. Rh6 f3 65. Rh7 Kh1 66. Rxh3# 1-0


[Site "https://www.chess.com"]

[Event "Titled Tuesday Blitz November 08 Early 2022"]
[White "Ristic, Nebojsa B"]
[Black "Osmonbekov, Talaibek"]
[WhiteFideId "935468"]
[BlackFideId "2017253"]
[WhiteElo "2320"]
[BlackElo "2135"]
[Result "1-0"]
[Round "07"]
[TimeControl "180+1"]
[Date "2022.11.09"]
[WhiteClock "0:01:40"]
[BlackClock "0:00:14"]

1. d4 e6 2. Bf4 f5 3. e3 Nf6 4. Nf3 g6 5. h3 Bg7 6. c4 O-O 7. Nc3 d6 8. Bh2 Qe7 9. Be2 Nc6 10. d5 Nd8 11. dxe6 Bxe6 12. Nd5 Qd7 13. O-O Ne4 14. Qc2 Nf7 15. Rad1 Rad8 16. Nf4 Qe7 17. Nxe6 Qxe6 18. Nd4 Qe7 19. Nb5 a6 20. Nd4 Ne5 21. Nf3 h6 22. Rd5 c6 23. Rdd1 g5 24. Nd4 Qf7 25. b4 Qg6 26. f3 Nf6 27. Qxf5 Qxf5 28. Nxf5 Ne8 29. Nxg7 Kxg7 30. Bxe5+ 1-0


[Site "https://www.chess.com"]

[Event "Titled Tuesday Blitz November 08 Early 2022"]
[White "Rodriguez Fontecha, Marcos"]
[Black "Degenbaev, Aziz"]
[WhiteFideId "2256576"]
[BlackFideId "13802640"]
[WhiteElo "2263"]
[BlackElo "2039"]
[Result "1-0"]
[Round "07"]
[TimeControl "180+1"]
[Date "2022.11.09"]
[WhiteClock "0:00:13"]
[BlackClock "0:00:24"]

1. d4 Nf6 2. Nf3 c5 3. Nc3 cxd4 4. Qxd4 Nc6 5. Qh4 g6 6. Bh6 Bxh6 7. Qxh6 Qb6 8. O-O-O Qxf2 9. e4 d6 10. Rd2 Qc5 11. Bb5 Bd7 12. Re1 O-O-O 13. Qg5 Qxg5 14. Nxg5 Ne5 15. Bf1 h6 16. Nf3 Nxf3 17. gxf3 Nh5 18. Nd5 e6 19. Ne3 Bc6 20. Red1 Kc7 21. Nc4 d5 22. exd5 Rxd5 23. Rxd5 Bxd5 24. Ne5 Rf8 25. c4 Bc6 26. b4 Nf4 27. b5 Be8 28. Rd4 g5 29. Ng4 f5 30. Ne5 Ng6 31. Nd3 e5 32. Rd5 Bf7 33. Rc5+ Kd6 34. b6 axb6 35. Rb5 Bxc4 36. Rxb6+ Kc7 37. Rxg6 e4 38. Nc5 Bxf1 39. Ne6+ Kd6 40. Nxf8+ Ke7 41. fxe4 fxe4 42. Kd2 Bc4 43. Nh7 Kf7 44. Rxh6 Kg7 45. Rh3 Kg6 46. Nf8+ Kg7 47. Rc3 Bxa2 48. Nd7 Be6 49. Nc5 Bd5 50. Ke3 Kf6 51. Nxe4+ Ke5 52. Nxg5 b5 53. Nf3+ Kd6 54. Kd4 b4 55. Re3 b3 56. Kc3 Kc5 57. Nd4 b2 58. Re1 Be4 59. Nc2 Bf5 60. Kxb2 Kc4 61. Ne3+ Kd3 62. Nxf5 Kd2 63. h4 Kd3 64. h5 Kd2 65. h6 Kxe1 66. h7 Kf2 67. h8=Q Kf3 68. Ne7 Kf4 69. Nc8 Kf5 70. Kc3 Kf4 71. Kd4 Kf5 72. Qf8+ Kg6 73. Ke5 Kh7 74. Qf2 Kh8 75. Qg3 Kh7 76. Kf6 Kh8 77. Qg7# 1-0


[Site "https://www.chess.com"]

[Event "Titled Tuesday Blitz November 08 Early 2022"]
[White "Roque Sola, Gisela"]
[Black "Makhmudov, Shukhrat"]
[WhiteFideId "5120241"]
[BlackFideId "14200775"]
[WhiteElo "1961"]
[BlackElo "2135"]
[Result "1-0"]
[Round "07"]
[TimeControl "180+1"]
[Date "2022.11.09"]
[WhiteClock "0:00:19"]
[BlackClock "0:00:14"]

1. e4 e5 2. Nf3 Nc6 3. Bb5 a6 4. Ba4 Nf6 5. O-O b5 6. Bb3 Be7 7. Re1 d6 8. a4 Bb7 9. c3 O-O 10. Bc2 Nd7 11. d4 exd4 12. cxd4 Bf6 13. axb5 axb5 14. Rxa8 Qxa8 15. Nc3 b4 16. Nd5 Bd8 17. Bd2 Qa7 18. Bxb4 Nxb4 19. Nxb4 Bf6 20. Nd5 Bxd5 21. exd5 Qa2 22. Qd3 g6 23. Qb3 Qa5 24. Qa4 Qxa4 25. Bxa4 Nb6 26. Bc6 Nc4 27. b3 Na5 28. b4 Nc4 29. Rc1 Nb6 30. Kf1 g5 31. h3 h5 32. g4 Kg7 33. Ke2 Rh8 34. Ke3 hxg4 35. hxg4 Rh3 36. Ke4 Kg6 37. Be8 Bd8 38. Rc3 Rh1 39. b5 Rb1 40. Kd3 Nxd5 41. Rc2 Nb4+ 42. Kc3 Nxc2 43. Kxc2 Rf1 44. Kd3 Rxf2 45. Ke3 Rb2 46. Nd2 Rc2 47. Bc6 Bf6 48. Be4+ Kg7 49. Bxc2 Be7 50. Ke4 d5+ 51. Kxd5 1-0


[Site "https://www.chess.com"]

[Event "Titled Tuesday Blitz November 08 Early 2022"]
[White "Roque Sola, Jose Luis"]
[Black "Manon-og, Ramon Jr."]
[WhiteFideId "5120390"]
[BlackFideId "5200776"]
[WhiteElo "2117"]
[BlackElo "2256"]
[Result "1/2-1/2"]
[Round "07"]
[TimeControl "180+1"]
[Date "2022.11.09"]
[WhiteClock "0:00:09"]
[BlackClock "0:00:17"]

1. c4 Nf6 2. Nc3 g6 3. Nf3 Bg7 4. g3 O-O 5. Bg2 d5 6. cxd5 Nxd5 7. Nxd5 Qxd5 8. O-O c5 9. d3 Nc6 10. a3 Qd6 11. Bf4 e5 12. Be3 Nd4 13. Nd2 Bg4 14. Bxd4 exd4 15. Bxb7 Rab8 16. Nc4 Qe7 17. Be4 Bh3 18. Re1 h5 19. Qd2 h4 20. Qf4 hxg3 21. hxg3 Be6 22. Rab1 g5 23. Qf3 Rb3 24. Qh1 Rfb8 25. Bd5 Bg4 26. Qe4 Qxe4 27. dxe4 d3 28. exd3 Rxd3 29. b4 Bd4 30. bxc5 Rxb1 31. Rxb1 Rxg3+ 32. Kh2 Bxf2 33. Rf1 Rh3+ 34. Kg2 Bxc5 35. Bxf7+ Kg7 36. Ne5 Bc8 37. Bd5 Rxa3 38. Rf7+ Kh6 39. Rc7 Bh3+ 40. Kh2 Be3 41. Rc6+ Kh7 42. Kxh3 Bf4+ 43. Kg4 Bxe5 44. Kxg5 Rg3+ 45. Kf5 Bd4 46. Ke6 Rg6+ 47. Kd7 Rxc6 48. Kxc6 a5 49. Kb5 Bc3 50. Kc4 Be1 51. Kb5 Kg7 52. Ka4 Kf6 53. Kb5 Ke5 54. Ka4 Bd2 55. Kb5 Be1 56. Ka4 Bd2 57. Kb5 Be1 1/2-1/2


[Site "https://www.chess.com"]

[Event "Titled Tuesday Blitz November 08 Early 2022"]
[White "Rosenberg, Evan S"]
[Black "Cruz Mendez, Jean Marco"]
[WhiteFideId "2019299"]
[BlackFideId "3526402"]
[WhiteElo "2389"]
[BlackElo "2064"]
[Result "1-0"]
[Round "07"]
[TimeControl "180+1"]
[Date "2022.11.09"]
[WhiteClock "0:00:10"]
[BlackClock "0:00:06"]

1. d4 Nf6 2. Nf3 d5 3. c3 e6 4. Bf4 Bd6 5. e3 Bxf4 6. exf4 O-O 7. Nbd2 c5 8. dxc5 Qc7 9. g3 Qxc5 10. Bg2 a6 11. O-O b5 12. Ne5 Qc7 13. a4 Bb7 14. axb5 axb5 15. Rxa8 Bxa8 16. Qb3 Bc6 17. Ndf3 Be8 18. Nd4 Qb7 19. Ra1 Nfd7 20. Ra5 Nc5 21. Qb4 Nba6 22. Qa3 f6 23. Nd3 Nxd3 24. Rxa6 Qc8 25. Nxe6 Rf7 26. Bxd5 Qd7 27. c4 bxc4 28. Bxc4 Ne1 29. Rd6 Qb7 30. Bd5 Qb5 31. Rd8 h6 32. Qa8 Kh7 33. Rxe8 Qe2 34. Rh8+ Kg6 35. f5+ Kxf5 36. Nd4+ 1-0


[Site "https://www.chess.com"]

[Event "Titled Tuesday Blitz November 08 Early 2022"]
[White "Rosh Jain"]
[Black "Broca Jimenez, Fernando"]
[WhiteFideId "25789465"]
[BlackFideId "5104742"]
[WhiteElo "2233"]
[BlackElo "2062"]
[Result "0-1"]
[Round "07"]
[TimeControl "180+1"]
[Date "2022.11.09"]
[WhiteClock "0:02:00"]
[BlackClock "0:02:32"]

1. e4 c5 2. Nf3 g6 3. d4 cxd4 4. Nxd4 Nc6 5. Nc3 Nf6 6. Be3 Bg7 7. f3 O-O 8. Qd2 d5 9. exd5 Nxd5 10. Nxd5 Qxd5 11. O-O-O Qxa2 0-1


[Site "https://www.chess.com"]

[Event "Titled Tuesday Blitz November 08 Early 2022"]
[White "Sailer, Mike"]
[Black "Wirig, Anthony"]
[WhiteFideId "2012901"]
[BlackFideId "615013"]
[WhiteElo "2109"]
[BlackElo "2487"]
[Result "0-1"]
[Round "07"]
[TimeControl "180+1"]
[Date "2022.11.09"]
[WhiteClock "0:01:20"]
[BlackClock "0:01:09"]

1. Nf3 d5 2. c4 e6 3. g3 Nf6 4. Bg2 Be7 5. O-O O-O 6. d4 dxc4 7. Qc2 a6 8. Qxc4 b5 9. Qc2 Bb7 10. Bf4 Bd6 11. Rc1 Be4 12. Qc3 Nd5 13. Qd2 Nxf4 14. gxf4 Qf6 15. e3 Nd7 16. Nc3 Bxf3 17. Bxf3 Rab8 18. Ne4 Qg6+ 19. Kh1 Nf6 20. Nxf6+ Qxf6 21. Rc6 Kh8 22. Rxa6 g5 23. fxg5 Qxf3+ 0-1


[Site "https://www.chess.com"]

[Event "Titled Tuesday Blitz November 08 Early 2022"]
[White "Salinas Herrera, Pablo"]
[Black "D`Arruda, Ricardo D."]
[WhiteFideId "3407128"]
[BlackFideId "100692"]
[WhiteElo "2557"]
[BlackElo "2528"]
[Result "1-0"]
[Round "07"]
[TimeControl "180+1"]
[Date "2022.11.08"]
[WhiteClock "0:00:28"]
[BlackClock "0:00:55"]

1. d4 Nf6 2. c4 e5 3. dxe5 Ne4 4. Nd2 Nc5 5. Ngf3 Nc6 6. b3 Qe7 7. Bb2 d6 8. e3 dxe5 9. Qc2 Bg4 10. a3 Bh5 11. b4 Bg6 12. e4 Ne6 13. c5 O-O-O 14. Bc4 Ned4 15. Qb1 Nxf3+ 16. Nxf3 f6 17. O-O Nd4 18. Nxd4 exd4 19. Bd3 Qe6 20. Qc2 Bf7 21. Rad1 Be7 22. Rfe1 Rhe8 23. e5 g6 24. exf6 Qxf6 25. Re4 Bf8 26. Rde1 Rxe4 27. Rxe4 Bg7 28. Qe2 c6 29. Bc1 Bd5 30. Qg4+ Rd7 31. Re8+ 1-0


[Site "https://www.chess.com"]

[Event "Titled Tuesday Blitz November 08 Early 2022"]
[White "Salman, Pavel"]
[Black "Rios Escobar, Adan"]
[WhiteFideId "24153753"]
[BlackFideId "3403645"]
[WhiteElo "2187"]
[BlackElo "2362"]
[Result "1-0"]
[Round "07"]
[TimeControl "180+1"]
[Date "2022.11.09"]
[WhiteClock "0:00:46"]
[BlackClock "0:00:03"]

1. d4 Nf6 2. Nc3 d5 3. Bf4 e6 4. Nb5 Na6 5. e3 c6 6. Nc3 Qb6 7. Qd2 Bd7 8. Bd3 Be7 9. Nf3 O-O 10. Ne5 Rfc8 11. g4 Be8 12. g5 Nd7 13. h4 c5 14. h5 cxd4 15. exd4 Qxb2 16. Nd1 Qxa1 17. c3 Nxe5 18. Bxe5 g6 19. hxg6 fxg6 20. f4 Bf8 21. Rxh7 Ba4 22. Rh8+ Kf7 23. Bxg6+ Ke7 24. Rh7+ Kd8 25. Bf6+ Be7 26. Bxe7+ Kd7 27. Ba3+ Kc6 28. Bc1 1-0


[Site "https://www.chess.com"]

[Event "Titled Tuesday Blitz November 08 Early 2022"]
[White "Samunenkov, Ihor"]
[Black "Koridze, Lile"]
[WhiteFideId "14187086"]
[BlackFideId "13612514"]
[WhiteElo "2441"]
[BlackElo "2050"]
[Result "1-0"]
[Round "07"]
[TimeControl "180+1"]
[Date "2022.11.09"]
[WhiteClock "0:00:58"]
[BlackClock "0:02:06"]

1. e4 c5 2. Nf3 d6 3. d4 cxd4 4. Nxd4 Nf6 5. Nc3 Nc6 6. f3 g6 7. Be3 Bg7 8. Qd2 O-O 9. O-O-O Nd7 10. h4 Nxd4 11. Bxd4 Bxd4 12. Qxd4 h5 13. Bc4 Ne5 14. Bb3 a6 15. Qe3 Kh7 16. g4 hxg4 17. h5 Rh8 18. f4 Nc6 19. hxg6+ Kxg6 20. f5+ Kf6 21. Nd5+ Ke5 22. Qf4# 1-0


[Site "https://www.chess.com"]

[Event "Titled Tuesday Blitz November 08 Early 2022"]
[White "Santos Flores, Alberto"]
[Black "Luxama, Jacques Muller"]
[WhiteFideId "3601234"]
[BlackFideId "11900113"]
[WhiteElo "2235"]
[BlackElo "1931"]
[Result "1-0"]
[Round "07"]
[TimeControl "180+1"]
[Date "2022.11.09"]
[WhiteClock "0:00:19"]
[BlackClock "0:00:02"]

1. e4 c5 2. Nf3 d6 3. d4 cxd4 4. Nxd4 Nf6 5. Nc3 a6 6. h3 e6 7. g4 b5 8. Bg2 Bb7 9. g5 Nfd7 10. O-O Nc6 11. Nxc6 Bxc6 12. Ne2 Be7 13. f4 Qb6+ 14. Kh1 Qb7 15. Ng3 Rd8 16. Qe2 O-O 17. f5 Rfe8 18. f6 Bf8 19. fxg7 Bxg7 20. Nh5 Be5 21. Nf6+ Nxf6 22. gxf6 Kh8 23. Bh6 Rg8 24. Bg7+ Rxg7 25. fxg7+ Bxg7 26. c3 d5 27. exd5 Bxd5 28. Bxd5 Qxd5+ 29. Qg2 Qh5 30. Qg4 Qd5+ 31. Qf3 Qxf3+ 32. Rxf3 Kg8 33. Rf2 Rd3 34. Kg2 f5 35. a4 Kf7 36. axb5 axb5 37. Ra5 Rd5 38. Kf1 Be5 39. Ke2 Kf6 40. Rf1 Bc7 41. Ra7 Re5+ 42. Kd3 Rd5+ 43. Kc2 Bd6 44. Rxh7 f4 45. Rd1 Rxd1 46. Kxd1 e5 47. Ke2 e4 48. Rb7 Bc5 49. Rxb5 f3+ 50. Kf1 Be3 51. c4 Bd4 52. Rd5 Bxb2 53. Kf2 Ke6 54. Ke3 f2 55. Kxf2 Be5 56. Ke3 Bf6 57. Kxe4 1-0


[Site "https://www.chess.com"]

[Event "Titled Tuesday Blitz November 08 Early 2022"]
[White "Sarkar, Justin"]
[Black "Bagwe Gaurang"]
[WhiteFideId "2010011"]
[BlackFideId "45039895"]
[WhiteElo "2239"]
[BlackElo "1847"]
[Result "1-0"]
[Round "07"]
[TimeControl "180+1"]
[Date "2022.11.09"]
[WhiteClock "0:00:02"]
[BlackClock "0:00:21"]

1. d4 d5 2. c4 e6 3. Nc3 Nf6 4. Nf3 c5 5. cxd5 exd5 6. Bg5 Be6 7. e3 Nbd7 8. Be2 h6 9. Bh4 g5 10. Bg3 Bg7 11. O-O cxd4 12. Nxd4 O-O 13. h4 Nc5 14. hxg5 hxg5 15. Ndb5 Nfe4 16. Bh2 Rc8 17. Nxa7 Nxc3 18. bxc3 Ne4 19. Nxc8 Nxc3 20. Qc2 Nxe2+ 21. Qxe2 Bxa1 22. Rxa1 Qf6 23. Rc1 Rxc8 24. Rxc8+ Bxc8 25. Bg3 Bf5 26. Qh5 Be4 27. Kh2 b5 28. f3 Bf5 29. f4 g4 30. Bh4 Qe6 31. Qg5+ Bg6 32. f5 Qxf5 33. Qxf5 Bxf5 34. Kg3 Kf8 35. Kf4 Be6 36. Bf6 Ke8 37. g3 Kd7 38. Ke5 d4 39. exd4 Bxa2 40. d5 Kc7 41. Kd4 Kb6 42. Bd8+ Kb7 43. Kc5 Kc8 44. Bg5 Bc4 45. Bf4 Kd7 46. Bg5 Kc7 47. Bf4+ Kd7 48. Bg5 Be2 49. Bf4 Ke7 50. Bg5+ f6 51. Bf4 Kf7 52. d6 Ke8 53. Kc6 Kd8 54. d7 Bf3+ 55. Kd6 b4 56. Be3 b3 57. Bb6# 1-0


[Site "https://www.chess.com"]

[Event "Titled Tuesday Blitz November 08 Early 2022"]
[White "Shapiro, Daniel"]
[Black "Simonovic, Miroslav"]
[WhiteFideId "2001780"]
[BlackFideId "919152"]
[WhiteElo "2310"]
[BlackElo "2043"]
[Result "0-1"]
[Round "07"]
[TimeControl "180+1"]
[Date "2022.11.09"]
[WhiteClock "0:00:01"]
[BlackClock "0:00:05"]

1. d4 Nf6 2. c4 c5 3. d5 b5 4. cxb5 a6 5. e3 axb5 6. Bxb5 Qa5+ 7. Nc3 Bb7 8. Ne2 Nxd5 9. O-O Nxc3 10. Nxc3 g6 11. a4 Bg7 12. Bd2 Qc7 13. e4 e6 14. Bc4 O-O 15. Re1 Rd8 16. Qf3 f5 17. Bg5 Rf8 18. Qh3 fxe4 19. Nb5 Qe5 20. Be7 Rf7 21. Bd6 Qxb2 22. Qg3 Na6 23. Rab1 Qf6 24. Nc7 Nxc7 25. Rxb7 Nd5 26. Bb5 e5 27. Bxc5 Rc8 28. Be3 Nxe3 29. Qxe3 d5 30. Rf1 Rxb7 31. Qe2 Rcb8 32. h3 Qd6 33. Kh2 h6 34. Rd1 Kh7 35. Qa2 d4 36. Be2 d3 37. Bf1 e3 38. Rxd3 Qb6 39. Rxe3 Qb1 40. Qe6 Qxf1 41. Rg3 Qd3 42. Rxd3 Rb6 43. Rd6 Rxd6 44. Qxd6 Ra8 45. Qd5 Rxa4 46. Qc6 Rd4 47. Qe6 h5 48. Qe7 Rd2 49. Qg5 Rxf2 50. Qg3 Rf5 51. Qe3 Rf4 52. Qe2 Rf5 53. Kg3 Rf7 54. Kh2 Re7 55. h4 Bf6 56. g3 Kg7 57. Kg2 e4 58. Kf2 e3+ 59. Kg2 Bd4 60. Kf3 Rf7+ 61. Ke4 Rf2 62. Qd3 e2 63. Qd2 Bb6 64. Qd7+ Kh6 65. Qd2+ Kh7 66. Qd7+ Kg8 67. Qe8+ Rf8 68. Qe6+ Kg7 69. Kd3 Bf2 70. Kxe2 Bxg3 71. Qe7+ Rf7 72. Qg5 Bd6 73. Kd3 Be7 74. Qg3 Bf6 0-1


[Site "https://www.chess.com"]

[Event "Titled Tuesday Blitz November 08 Early 2022"]
[White "Sharifov, Mekhriddin"]
[Black "Berdychevskaya, Natasha"]
[WhiteFideId "14701545"]
[BlackFideId "4159322"]
[WhiteElo "2109"]
[BlackElo "2108"]
[Result "0-1"]
[Round "07"]
[TimeControl "180+1"]
[Date "2022.11.09"]
[WhiteClock "0:00:44"]
[BlackClock "0:00:55"]

1. e4 e5 2. Nf3 Nf6 3. d4 Nxe4 4. dxe5 Bc5 5. Bc4 Nxf2 6. Bxf7+ Kxf7 7. Qd5+ Kg6 8. Qxc5 Nxh1 9. Nc3 h6 10. Bf4 d6 11. exd6 Re8+ 12. Ne5+ Kh7 13. dxc7 Qh4+ 14. g3 Nd7 15. Qd5 Qh5 16. Qe4+ Kh8 17. g4 Qh4+ 18. Bg3 Qf6 19. O-O-O Nxe5 20. Rxh1 Bd7 21. Qxb7 Bc6 22. Bxe5 Bxb7 23. Bxf6 Bxh1 24. Bd8 Rexd8 25. cxd8=Q+ Rxd8 0-1


[Site "https://www.chess.com"]

[Event "Titled Tuesday Blitz November 08 Early 2022"]
[White "Shimanov, Aleksandr"]
[Black "Melikyan, Gnel"]
[WhiteFideId "4198603"]
[BlackFideId "54109990"]
[WhiteElo "2605"]
[BlackElo "2138"]
[Result "1/2-1/2"]
[Round "07"]
[TimeControl "180+1"]
[Date "2022.11.09"]
[WhiteClock "0:00:06"]
[BlackClock "0:00:08"]

1. b3 Nf6 2. Bb2 e6 3. Nf3 b6 4. g3 Bb7 5. Bg2 Be7 6. O-O O-O 7. c4 d5 8. e3 c5 9. Qe2 Nc6 10. cxd5 Nxd5 11. Rd1 Bf6 12. Nc3 Nxc3 13. dxc3 Qc7 14. Nd2 g6 15. Ne4 Bg7 16. c4 Rfd8 17. Nf6+ Kh8 18. Qg4 Rxd1+ 19. Rxd1 Rd8 20. Bc3 h5 21. Qe2 Nd4 22. exd4 Bxf6 23. Qb2 Bxg2 24. Kxg2 Kg8 25. d5 Bxc3 26. Qxc3 exd5 27. cxd5 Qd6 28. Qc4 Qe5 29. a4 Rd6 30. h4 Kg7 31. Rd3 Kg8 32. a5 bxa5 33. Kg1 Qe1+ 34. Kg2 Qb4 35. Re3 Qxc4 36. bxc4 Rb6 37. Re7 a6 38. Rc7 a4 39. Rxc5 Kf8 40. Ra5 Rb4 41. c5 Rc4 42. c6 Ke7 43. Kf3 Kd6 44. Ke3 a3 45. Rxa3 Kxd5 46. Rxa6 Rxc6 47. Rxc6 Kxc6 48. Kf4 Kd6 49. Kg5 Ke7 50. Kh6 Kf6 51. f3 Ke6 52. Kg7 Ke7 53. g4 hxg4 54. fxg4 f5 55. h5 fxg4 56. h6 g3 57. h7 g2 58. h8=Q g1=Q 59. Qf8+ Ke6 60. Qf6+ Kd7 61. Qxg6 Qxg6+ 62. Kxg6 1/2-1/2


[Site "https://www.chess.com"]

[Event "Titled Tuesday Blitz November 08 Early 2022"]
[White "Shuvalov, Evgenij"]
[Black "Kopylov, Alexander A."]
[WhiteFideId "4187237"]
[BlackFideId "4164857"]
[WhiteElo "2049"]
[BlackElo "2436"]
[Result "1/2-1/2"]
[Round "07"]
[TimeControl "180+1"]
[Date "2022.11.08"]
[WhiteClock "0:00:44"]
[BlackClock "0:00:36"]

1. d4 Nf6 2. c4 e6 3. Nf3 d5 4. cxd5 exd5 5. Nc3 Bd6 6. Bg5 c6 7. Qc2 O-O 8. e3 Bg4 9. Ne5 Bh5 10. Bd3 Bg6 11. Bxg6 fxg6 12. h3 Nbd7 13. f4 Qa5 14. O-O Bb4 15. Ne2 Nxe5 16. fxe5 Ne4 17. Bf4 g5 18. Bh2 Bd2 19. Qd3 Qb5 20. Qxb5 Bxe3+ 21. Kh1 cxb5 22. Bg1 Bxg1 23. Kxg1 Rac8 24. Rac1 Rxf1+ 25. Kxf1 Rc4 26. b3 Ng3+ 27. Ke1 Nxe2 28. Rxc4 bxc4 29. Kxe2 cxb3 30. axb3 a5 31. g4 b5 32. Kd3 Kf7 33. Kc3 Ke6 34. Kb2 Kd7 35. Ka3 Kc6 36. Kb2 h6 37. Kc3 Kb6 38. Kb2 Kc6 39. Ka3 Kd7 40. b4 a4 41. Ka2 Ke7 42. Ka3 g6 43. Ka2 h5 44. Ka3 h4 45. Ka2 Ke6 46. Ka3 Ke7 47. Ka2 Ke6 48. Ka3 Ke7 1/2-1/2


[Site "https://www.chess.com"]

[Event "Titled Tuesday Blitz November 08 Early 2022"]
[White "Shuvalova, Polina"]
[Black "Goncalves, Davi Sulzbacher"]
[WhiteFideId "24171760"]
[BlackFideId "2154510"]
[WhiteElo "2342"]
[BlackElo "2182"]
[Result "1-0"]
[Round "07"]
[TimeControl "180+1"]
[Date "2022.11.09"]
[WhiteClock "0:01:25"]
[BlackClock "0:00:01"]

1. d4 d5 2. Nf3 c6 3. Bf4 Nf6 4. e3 Bf5 5. c4 e6 6. Nc3 Bd6 7. Bxd6 Qxd6 8. Be2 O-O 9. O-O Nbd7 10. Rc1 e5 11. dxe5 Nxe5 12. cxd5 cxd5 13. Nxe5 Qxe5 14. Bf3 Be4 15. Qe2 Rad8 16. Rfd1 h5 17. h3 h4 18. Rd4 g5 19. Rcd1 Rc8 20. Nxd5 Bxd5 21. Bxd5 Rc5 22. Bxb7 Rb8 23. Bf3 Kg7 24. b3 Rbc8 25. R4d2 Rc1 26. Qd3 Qa1 27. Qd4 Rxd1+ 28. Rxd1 Qxa2 29. Qe5 g4 30. Qg5+ Kf8 31. Bxg4 Nxg4 32. Qxg4 Re8 33. Qb4+ Kg8 34. Rd4 Qb1+ 35. Kh2 f5 36. Qc4+ Kf8 37. Qc5+ 1-0


[Site "https://www.chess.com"]

[Event "Titled Tuesday Blitz November 08 Early 2022"]
[White "Skibbe, Willi"]
[Black "Tarnowska, Aleksandra"]
[WhiteFideId "4682190"]
[BlackFideId "1180967"]
[WhiteElo "2357"]
[BlackElo "1776"]
[Result "1-0"]
[Round "07"]
[TimeControl "180+1"]
[Date "2022.11.09"]
[WhiteClock "0:00:18"]
[BlackClock "0:00:02"]

1. d4 d5 2. Nf3 e6 3. e3 Nf6 4. Bd3 Be7 5. b3 O-O 6. Bb2 b6 7. Qe2 Bb7 8. O-O c5 9. Nbd2 Nbd7 10. Ne5 Rc8 11. f4 Ne4 12. Rad1 cxd4 13. Bxd4 Ndf6 14. Nxe4 dxe4 15. Bc4 Qc7 16. a4 Bd5 17. g4 Bxc4 18. Nxc4 Rfd8 19. Qg2 Ne8 20. Qxe4 Bf6 21. g5 Bxd4 22. Rxd4 Rxd4 23. exd4 Nd6 24. Nxd6 Qxd6 25. c4 Qb4 26. Qe3 Rd8 27. Rd1 Qa3 28. d5 exd5 29. Rxd5 Qa1+ 30. Kg2 Rf8 31. Rd2 Qa3 32. h4 Qb4 33. h5 a6 34. h6 gxh6 35. gxh6 f5 36. Qg3+ Kf7 37. Qg7+ Ke6 38. Re2+ Kd6 39. Qe7+ Kc6 40. Qxb4 Rd8 41. Re6+ 1-0


[Site "https://www.chess.com"]

[Event "Titled Tuesday Blitz November 08 Early 2022"]
[White "Sovetbekova, Nurai"]
[Black "Lohani, Sujana"]
[WhiteFideId "13801910"]
[BlackFideId "12311987"]
[WhiteElo "1925"]
[BlackElo "1691"]
[Result "1-0"]
[Round "07"]
[TimeControl "180+1"]
[Date "2022.11.09"]
[WhiteClock "0:00:07"]
[BlackClock "0:00:02"]

1. d4 g6 2. c4 Bg7 3. Nf3 d6 4. g3 Nf6 5. Bg2 O-O 6. O-O c6 7. Nc3 Nbd7 8. e4 e5 9. h3 h6 10. Be3 Kh7 11. Qd2 Qe7 12. b4 exd4 13. Bxd4 Ne5 14. Nxe5 dxe5 15. Bc5 Rd8 16. Qxh6+ Kxh6 17. Bxe7 Rd4 18. Rfd1 Rxc4 19. Rac1 Be6 20. Bc5 b6 21. Be7 Ng8 22. Bd6 Rd8 23. f4 Rd4 24. fxe5 Rxd1+ 25. Rxd1 Rd7 26. Kf2 Kh7 27. Ke2 Nh6 28. Rd2 Ng8 29. Nd1 Bh6 30. Rc2 c5 31. bxc5 bxc5 32. Rxc5 Rb7 33. Rc2 Ne7 34. Nc3 Nc8 35. Nd5 Nb6 36. Nf6+ Kg7 37. Ne8+ Kg8 38. Nc7 Bc8 39. Ke1 Bf8 40. Bf1 1-0


[Site "https://www.chess.com"]

[Event "Titled Tuesday Blitz November 08 Early 2022"]
[White "Storey, Charles H"]
[Black "Gurevich, Dmitry"]
[WhiteFideId "406686"]
[BlackFideId "2000407"]
[WhiteElo "2252"]
[BlackElo "2506"]
[Result "1-0"]
[Round "07"]
[TimeControl "180+1"]
[Date "2022.11.09"]
[WhiteClock "0:00:04"]
[BlackClock "0:00:01"]

1. c4 e6 2. g3 d5 3. Bg2 Nf6 4. Nf3 Be7 5. O-O O-O 6. d4 dxc4 7. Ne5 Nc6 8. Nxc6 bxc6 9. Bxc6 Rb8 10. Nc3 Qd6 11. Bg2 c5 12. Bf4 Qb6 13. Bxb8 Qxb8 14. dxc5 Qxb2 15. Qc1 Qb4 16. Qc2 Qxc5 17. Ne4 Nxe4 18. Bxe4 g6 19. Rac1 Ba6 20. Qa4 Bb5 21. Qa5 Bd8 22. Qc3 Ba6 23. Bd3 Ba5 24. Qf6 Rc8 25. Rc2 Qd5 26. Rfc1 Bb6 27. Qf3 Qd4 28. Be4 Rd8 29. e3 Qe5 30. Bb7 Bb5 31. Bc6 Ba6 32. a4 h5 33. Bb5 Bxb5 34. axb5 Qxb5 35. Rxc4 Kg7 36. h4 Rd2 37. Kg2 Qe5 38. Rf4 Rd7 39. Rcc4 a5 40. Rce4 Qc5 41. Rc4 Qe5 42. Rc8 Bc7 43. Re4 Qf5 44. Qxf5 gxf5 45. Rc4 Bd8 46. Ra8 Kf6 47. Rcc8 Ke7 48. Kf3 e5 49. Rc5 Bc7 50. Ra6 f6 51. Kg2 Bd8 52. Rb5 Bc7 53. Rc5 Bd8 54. Rcc6 Kf7 55. Rd6 Rxd6 56. Rxd6 Ke7 57. Ra6 Bc7 58. f3 Bd8 59. e4 fxe4 60. fxe4 Kf7 61. Kf3 Kg6 62. g4 Kh6 63. gxh5 Kxh5 64. Kg3 f5 65. exf5 Bxh4+ 66. Kh3 e4 67. f6 e3 68. f7 Be7 69. Re6 1-0


[Site "https://www.chess.com"]